 Dungeon Crawl Stone Soup version 0.31-a0-865-g3d5d91748a (webtiles) character file.

Game seed: 13028645835853274787

364 Crownlay the Chopper (level 6, -11/56 HPs)
             Began as a Hill Orc Fighter on Oct 10, 2023.
             Was an Initiate of Gozag.
             Killed by nerve-wracking pain
             ... invoked by Grinder
              (13 damage)
             ... on level 4 of the Dungeon.
             The game lasted 00:03:20 (3095 turns).

Crownlay the Chopper (Hill Orc Fighter)             Turns: 3095, Time: 00:03:21

Health: -11/56     AC:  6    Str: 21    XL:     6   Next: 67%
Magic:  15/15      EV:  9    Int:  8    God:    Gozag
Gold:   482        SH:  4    Dex: 10    Spells: 5/5 levels left

rFire   . . .        a - +0 war axe
rCold   + . .        c - +0 buckler
rNeg    . . .        b - +0 scale mail
rPois   .            (no helmet)
rElec   .            (no cloak)
rCorr   .            (no gloves)
SInv    .            (no boots)
Will    .....        (no amulet) Stlth
                     o - ring of magical power
HPRegen 0.29/turn    q - ring of protection from cold
MPRegen 0.14/turn

%: no passive effects
@: no status effects
A: no striking features
a: Renounce Religion, Potion Petition, Call Merchant, Bribe Branch


You were on level 4 of the Dungeon.
You worshipped Gozag.
Gozag was aware of your devotion.
You visited 1 branch of the dungeon, and saw 4 of its levels.

You collected 510 gold pieces.
You paid 28 gold pieces to Gozag.

Inventory:

Hand Weapons
 a - a +0 war axe (weapon)
Armour
 b - a +0 scale mail (worn)
 c - a +0 buckler (worn)
Jewellery
 o - a ring of magical power (left hand)
 q - a ring of protection from cold (right hand)
Talismans
 r - a flux talisman
Scrolls
 e - a scroll of identify {unknown}
 g - 2 scrolls of poison {unknown}
 h - a scroll of vulnerability {unknown}
 j - a scroll of brand weapon {unknown}
 k - a scroll of teleportation {unknown}
 l - a scroll of butterflies {unknown}
 m - a scroll of acquirement {unknown}
 p - a scroll of blinking {unknown}
 u - 3 scrolls of noise {unknown}
 v - a scroll of torment {unknown}
Potions
 d - a potion of might
 f - a potion of magic {unknown}
 i - a potion of curing
 n - a potion of brilliance {unknown}
 s - a potion of mutation {unknown}
 t - a potion of heal wounds {unknown}


   Skills:
 + Level 5.2 Fighting
 * Level 6.3 Axes
 - Level 3.2 Armour
 + Level 4.7 Shields
 + Level 1.4 Shapeshifting


You had 5 spell levels left.
You didn't know any spells.
Your spell library contained the following spells:

 Spells                   Type           Power      Damage    Failure   Level
 Gell's Gravitas          Tloc           0%         N/A       99%         3
 Teleport Other           Tloc           0%         N/A       99%         3
 Dispersal                Tloc           0%         N/A       100%        6


Dungeon Overview and Level Annotations

Branches:
Dungeon (4/15)
 Temple: D:4-7

Altars:
Dithmenos
Gozag
Yredelemnul
The Shining One

Annotations:
D:4 Grinder


Message History

You closely miss Grinder.
Grinder is lightly wounded.
Grinder hits you!
* * * LOW HITPOINT WARNING * * *
You feel better. Grinder hits you but does no damage.
You hit Grinder.
Grinder is lightly wounded.
Grinder hits you.
* * * LOW HITPOINT WARNING * * *
You writhe in agony.
* * * LOW HITPOINT WARNING * * *
You feel better. Grinder barely misses you.
You barely miss Grinder.
Grinder is lightly wounded.
Grinder hits you but does no damage.
You closely miss Grinder.
Grinder is lightly wounded.
Grinder hits you.
* * * LOW HITPOINT WARNING * * *
You writhe in agony.
* * * LOW HITPOINT WARNING * * *
You barely miss Grinder.
Grinder is lightly wounded.
You block Grinder's attack. Grinder gestures at you.
Pain shoots through your body!
* * * LOW HITPOINT WARNING * * *
You slash Grinder!
Grinder is heavily wounded.
Grinder hits you.
* * * LOW HITPOINT WARNING * * *
You writhe in agony.
* * * LOW HITPOINT WARNING * * *
You closely miss Grinder.
Grinder is heavily wounded.
Grinder gestures at you. Pain shoots through your body!
You die...
Grinder says, "Now the real fun starts!"
Your body crumbles into a pile of gold.

##### ##.#.# #...###
#...#.# ## #...#.######
. .......##..# .##
.......#..### #..##
............#####....##.
#...............@5......
..........#######.......
..........# .?.....
.......###.# .......
......## #.# ......#
.....## #.# ......#
..... .. ....... ..###..


You could see Grinder.

Vanquished Creatures
  An ogre (D:4)
  A vampire bat (D:3)
  An orc wizard (D:3)
  2 gnolls
  6 adders
  3 fire bats (D:3)
  7 orcs (D:3)
  2 spectral bats (D:3)
  3 bat skeletons (D:3)
  A bat zombie (D:3)
  6 endoplasms
  A giant cockroach (D:2)
  3 goblins
  3 hobgoblins
  4 jackals (D:2)
  2 quokkas
  5 ball pythons
  15 bats
  A bat simulacrum (D:3)
  6 frilled lizards
  A kobold (D:2)
  9 rats
83 creatures vanquished.

Notes
Turn   | Place    | Note
-------+----------+-------------------------------------------
     0 | D:1      | Crownlay the Hill Orc Fighter began the quest for the Orb.
     0 | D:1      | Reached XP level 1. HP: 19/19 MP: 1/1
   193 | D:1      | Reached skill level 3 in Axes
   318 | D:1      | You fall into a shaft and drop 1 floor!
   343 | D:2      | Reached XP level 2. HP: 20/27 MP: 2/2
   432 | D:2      | Reached XP level 3. HP: 30/33 MP: 3/3
   668 | D:1      | Found a faded altar of an unknown god.
   730 | D:1      | Reached skill level 4 in Axes
   923 | D:2      | Found an opulent altar of Gozag.
   934 | D:2      | Became a worshipper of Gozag Ym Sagoz the Greedy
  1231 | D:2      | Reached XP level 4. HP: 40/40 MP: 4/4
  1874 | D:3      | Found a glowing golden altar of the Shining One.
  1907 | D:3      | Reached skill level 5 in Axes
  1907 | D:3      | Reached XP level 5. HP: 31/47 MP: 5/5
  2267 | D:3      | Reached skill level 1 in Shapeshifting
  2267 | D:3      | Reached XP level 6. HP: 54/55 MP: 6/6
  2351 | D:3      | Reached skill level 5 in Fighting
  2487 | D:3      | Found a basalt altar of Yredelemnul.
  2704 | D:3      | Reached skill level 6 in Axes
  2727 | D:3      | Found a shadowy altar of Dithmenos.
  3073 | D:4      | Noticed Grinder
  3087 | D:4      | HP: 2/56 [Grinder (9)]
  3094 | D:4      | HP: 2/56 [Grinder (2)]
  3095 | D:4      | Killed from afar by Grinder

Illustrated notes

Levels and vault maps discovered:
D:1:      eino_arrival_water_star, layout_basic,
          dreamdust_ecumenical_altar_statues
D:2:      layout_loops_ring, basic_altar, minmay_misc_feat_plants,
          minmay_quadrilaterals
D:3:      layout_basic, marbit_many_paths, mainiacjoe_overflow_surrounded_room,
          tso_metal_star, goddamned_bats
D:4:      layout_layer_cave, minmay_temple_entry_slanted, uniq_grinder,
          uniq_robin

Skill      XL: |  1  2  3  4  5  6 |
---------------+-------------------+-----
Axes           | 3 4 5 6 |  6.3
Fighting       | 4 5 |  5.2
Shields        | 4 |  4.7
Shapeshifting  | 1 |  1.4
Armour         | |  3.2

Action                     |  1- 3 |  4- 6 || total
---------------------------+-------+-------++-------
  Melee: War axe           |    86 |   150 ||   236
    Use: Potion            |       |     3 ||     3
 Armour: Scale mail        |    53 |   149 ||   202
  Dodge: Dodged            |    49 |    78 ||   127
  Block: Buckler           |    21 |    38 ||    59

Table legend: (Time is in decaauts)
 A = Elapsed time spent in this place.
 B = Non-inter-level travel time spent in this place.
 C = Inter-level travel time spent in this place.
 D = Time resting spent in this place.
 E = Time spent auto-exploring this place.
 F = Levels seen in this place.
 G = Mean time per level.
                   A        B        C        D        E       F      G
               +--------+--------+--------+--------+--------+-----+--------+
         Total |   3166 |   3073 |     93 |      0 |   2540 |   4 |  791.5 |
       Dungeon |   3166 |   3073 |     93 |      0 |   2540 |   4 |  791.5 |
               +--------+--------+--------+--------+--------+-----+--------+

Top non-repeatable levels by time:
     D:3: 1330 daAuts
     D:2: 969 daAuts
     D:1: 783 daAuts
     D:4: 83 daAuts
